 Dungeon Crawl Stone Soup version 0.26-b1-32-g5d43845318 (webtiles) character file.

Game seed: 2268746824378637428

50 Borgoz the Slasher (level 3, -3/30 HPs)
             Began as a Ghoul Gladiator on Jan 13, 2021.
             Killed from afar by an orc wizard (8 damage)
             ... with a puff of flame
             ... on level 2 of the Dungeon.
             The game lasted 00:01:04 (1128 turns).

Borgoz the Slasher (Ghoul Gladiator)                Turns: 1128, Time: 00:01:04

Health: -3/30      AC:  4    Str: 17    XL:     3   Next: 79%
Magic:  2/2        EV: 12    Int:  3    God:
Gold:   10         SH:  0    Dex: 11    Spells: 2/2 levels left

rFire    . . .     SeeInvis .   a - +0 long sword
rCold    + . .     Faith    .   (no shield)
rNeg     + + +     Spirit   .   b - +0 leather armour
rPois    ∞         Reflect  .   c - +0 helmet
rElec    .         Harm     .   (no cloak)
rCorr    .         Rampage  .   (no gloves)
Will     .....                  (no boots)
Stlth    +.........             (no amulet)
HPRegen  0.00/turn              (no ring)
MPRegen  0.08/turn              (no ring)

@: flying
A: claws 1, cold resistance 1, negative energy resistance 3, inhibited
regeneration, torment resistance, unbreathing
a: no special abilities


You were on level 2 of the Dungeon.
You visited 1 branch of the dungeon, and saw 2 of its levels.

You collected 10 gold pieces.

Inventory:

Hand Weapons
 a - a +0 long sword (weapon)
Missiles
 d - 3 throwing nets (quivered)
Armour
 b - a +0 leather armour (worn)
 c - a +0 helmet (worn)
Scrolls
 e - a scroll of enchant weapon {unknown}
 f - a scroll of identify {unknown}


   Skills:
 * Level 2.9 Fighting
 * Level 3.1 Long Blades
 - Level 1.7 Throwing
 * Level 1.2 Armour
 * Level 3.1 Dodging


You had 2 spell levels left.
You didn't know any spells.
Your spell library was empty.

Dungeon Overview and Level Annotations

Branches:
Dungeon (2/15)

Altars:


Innate Abilities, Weirdness & Mutations

You thrive by killing the living.
You are immune to poison.
You have sharp fingernails.
Your flesh is cold resistant. (rC+)
You are immune to negative energy. (rN+++)
You do not regenerate when monsters are visible.
You are immune to unholy pain and torment.
You can survive without breathing.


Message History

You barely miss the orc priest.
The orc wizard hits you but does no damage.
The orc wizard barely misses you.
The orc priest calls upon Beogh to heal the orc wizard.
The orc wizard's wounds heal themselves!
You hit the orc priest but do no damage.
The orc wizard misses you. The orc priest closely misses you.
You riposte.
You hit the orc priest.
The orc priest is lightly wounded.
The orc wizard barely misses you.
You riposte.
You slash the orc wizard!
The orc wizard is heavily wounded.
You closely miss the orc priest.
The orc priest is lightly wounded.
The orc wizard barely misses you.
You riposte.
You hit the orc wizard but do no damage.
The orc wizard is heavily wounded.
The orc priest misses you.
The orc wizard gestures at you while chanting.
The puff of flame hits you!
You die...

P≈≈...####
♣P.P≈....##
♣≈≈.≈P...#
♣≈≈≈P≈P.####
###.P♣≈≈♣≈PP....#
#.PPPP♣♣≈≈≈P....#####
...PP♣≈♣≈≈P≈....#...#
#.)P≈≈≈♣≈P≈.#..##...#
≈P≈♣≈≈≈PP≈P.##..@o..#
≈≈♣≈♣≈PPP≈#.####o)..#
P≈PPP≈P.###.# ##...#
PP..........###.....#
...(..####......#...#
.####.## #...####...#
...##..###...# ...#
##............. ...#
#..#######+#####


You could see an orc priest and an orc wizard (fast).

Vanquished Creatures
  An adder (D:2)
  A worm (D:2)
  3 dart slugs (D:1)
  4 leopard geckos
  An orc (D:2)
  2 ball pythons (D:1)
  4 bats
  A giant cockroach (D:1)
  3 goblins (D:1)
  2 hobgoblins (D:1)
  A frilled lizard (D:1)
  2 kobolds (D:1)
  A rat (D:1)
26 creatures vanquished.

Notes
Turn   | Place    | Note
-------+----------+-------------------------------------------
     0 | D:1      | Borgoz the Ghoul Gladiator began the quest for the Orb.
     0 | D:1      | Reached XP level 1. HP: 17/17 MP: 0/0
    86 | D:1      | Reached XP level 2. HP: 21/25 MP: 1/1
   360 | D:1      | Reached XP level 3. HP: 30/30 MP: 2/2
   405 | D:1      | Reached skill level 1 in Armour
  1128 | D:2      | Killed from afar by an orc wizard

Illustrated notes

Levels and vault maps discovered:
D:1:      eino_arrival_cavern_b, layout_loops_cross
D:2:      layout_rooms, minivault_25, serial_bayou_lagoon_a, minmay_door_square

Skill      XL: |  1  2  3 |
---------------+----------+-----
Long Blades    | 3 |  3.1
Armour         | 1 |  1.2
Dodging        | 3 |  3.1
Fighting       | |  2.9
Throwing       | |  1.7

Action                   || total
-------------------------++-------
Melee: Long sword        ||    76
  Use: Scroll            ||     3
       Potion            ||     1
 Stab: Sleeping          ||     1
Armor: Leather armour    ||    27
Dodge: Dodged            ||   101
       Rpst.: Long sword ||    37
